 Dungeon Crawl Stone Soup version 0.31-a0-806-g0bc164a743 (webtiles) character file.

Game seed: 17245647670319430415

2174 Newt the Spear-Bearer (level 9, -6/61 HPs)
             Began as a Merfolk Gladiator on Sept 20, 2023.
             Was a Believer of Hepliaklqana.
             Mangled by a gargoyle
             ... wielding a +0 flail
              (17 damage)
             ... on level 7 of the Dungeon.
             The game lasted 00:04:52 (5765 turns).

Newt the Spear-Bearer (Merfolk Gladiator)           Turns: 5765, Time: 00:04:53

Health: -6/61      AC:  7    Str: 19    XL:     9   Next: 32%
Magic:  0/9        EV: 16    Int:  7    God:    Hepliaklqana [**....]
Gold:   232        SH:  5    Dex: 15    Spells: 8/8 levels left

rFire   . . .        r - +3 spear (heavy)
rCold   + . .        f - +0 buckler
rNeg    + . .        b - +0 leather armour
rPois   .            c - +0 helmet
rElec   .            A - +0 cloak
rCorr   .            (no gloves)
SInv    .            x - +1 pair of boots
Will    .....        j - amulet of guardian spirit
Stlth   +            v - ring of positive energy
HPRegen 0.30/turn    k - ring of protection from cold
MPRegen 0.11/turn

%: guardian spirit
@: studying Axes
A: reduced essence, (nimble swimmer 2), mertail
a: Renounce Religion, Recall Ancestor, Ancestor Identity


You were on level 7 of the Dungeon.
You worshipped Hepliaklqana.
Hepliaklqana was pleased with you.
You visited 2 branches of the dungeon, and saw 8 of its levels.

You collected 388 gold pieces.
You spent 156 gold pieces at shops.

Inventory:

Hand Weapons
 a - a +0 trident
 r - a +3 heavy spear (weapon)
Missiles
 d - 2 throwing nets (quivered)
 e - a javelin
Armour
 b - a +0 leather armour (worn)
 c - a +0 helmet (worn)
 f - a +0 buckler (worn)
 x - a +1 pair of boots (worn)
 A - a +0 cloak (worn)
Jewellery
 j - an amulet of guardian spirit (around neck)
 k - a ring of protection from cold (right hand)
 o - a ring of magical power
 t - a ring of see invisible
 v - a ring of positive energy (left hand)
 w - a ring of protection from fire
Talismans
 y - a beast talisman
Wands
 n - a wand of mindburst (8)
 z - a wand of flame (20)
Scrolls
 i - 4 scrolls of teleportation
 l - 2 scrolls of fog
 u - a scroll of poison
Potions
 h - 3 potions of haste
 m - a potion of attraction
 p - a potion of mutation
 q - 2 potions of heal wounds {unknown}
 s - a potion of degeneration {unknown}


   Skills:
 - Level 5.0 Fighting
 - Level 10.0 Polearms
 - Level 2.0 Throwing
 - Level 9.0 Dodging
 - Level 4.0 Shields
 + Level 5.7 Shapeshifting


You had 8 spell levels left.
You didn't know any spells.
Your spell library contained the following spells:

 Spells                   Type           Power      Damage    Failure   Level
 Magic Dart               Conj           0%         1d3       56%         1
 Blink                    Tloc           0%         N/A       71%         2
 Call Imp                 Summ           0%         N/A       71%         2
 Cigotuvi's Dreadful Rot  Necr/Pois/Air  0%         N/A       71%         2
 Lesser Beckoning         Tloc           0%         N/A       71%         2
 Momentum Strike          Conj/Tloc      0%         3d8       71%         2
 Sublimation of Blood     Necr           0%         N/A       71%         2
 Wereblood                Tmut           0%         N/A       71%         2
 Dazzling Flash           Conj/Hex       0%         N/A       91%         3
 Mephitic Cloud           Conj/Pois/Air  0%         N/A       91%         3
 Volatile Blastmotes      Fire/Tloc      0%         2d10      91%         3
 Animate Dead             Necr           0%         N/A       100%        4
 Dispel Undead            Necr           0%         3d6       100%        4
 Death Channel            Necr           0%         N/A       100%        6
 Starburst                Conj/Fire      0%         6d3       100%        6
 Haunt                    Necr/Summ      0%         N/A       100%        7
 Summon Hydra             Summ           0%         N/A       100%        7
 Infestation              Necr           0%         N/A       100%        8
 Maxwell's Capacitive Co  Air            0%         ∞         100%        8


Dungeon Overview and Level Annotations

Branches:
Dungeon (7/15)             Temple (1/1) D:4

Altars:
Ashenzari
Cheibriados
Dithmenos
Fedhas
Hepliaklqana
Kikubaaqudgha
Makhleb
Nemelex Xobeh
Okawaru
Qazlal
Ru
Sif Muna
Trog
Uskayaw
Vehumet
Xom
Zin
The Shining One

Shops:
D:2 (


Innate Abilities, Weirdness & Mutations

Your life essence is reduced to manifest your ancestor. (-10% HP)
((You are very nimble when in or above water. (Stealth+, EV+, Speed+++)))
Your lower body shifts to a powerful aquatic tail in water.


Message History

No target in view!
Found 4 boomerangs.
A troll and a gargoyle come into view.
There are monsters nearby!
There are monsters nearby!
The troll shouts!
You reach to attack!
You closely miss the gargoyle. You hit the gargoyle.
The gargoyle is lightly damaged.
The gargoyle hurls a stone arrow at you.
The stone arrow misses you.
Paullus hits the gargoyle with a +0 flail.
You hit the gargoyle but do no damage.
The gargoyle is lightly damaged.
The gargoyle hurls a stone arrow at you.
The stone arrow hits you!!
Unknown command.
You hit the gargoyle but do no damage.
The gargoyle is lightly damaged.
Paullus hits the gargoyle but does no damage.
The gargoyle barely misses you.
You swap places.
The gargoyle hits you with a +0 flail.
Paullus hits the gargoyle but does no damage.
You hit the gargoyle.
The gargoyle is lightly damaged.
The gargoyle hits you with a +0 flail!
Unknown command.
Paullus hits the gargoyle but does no damage.
The gargoyle hits Paullus with a +0 flail.
Unknown command.
You swap places.
The gargoyle hurls a stone arrow at you.
The stone arrow hits you!
* * * LOW HITPOINT WARNING * * *
The gargoyle attacks as it pursues you! The gargoyle hits you with a +0 flail!
* * * LOW HITPOINT WARNING * * *
Paullus hits the gargoyle but does no damage.
Unknown command.
You feel better. The gargoyle hits you with a +0 flail!
You die...

......)...#
...).......#
...)......########
..........)))....#
#........######.#
#........# #.##
#..###.###### #..#
#. #......(....#
##.#
#...#[.@##.####.#
##.## #...R9##.#
#.###...##
.#.(..$#..#.#
#........#
.##...##....#
#####....#
.###.###.......
....(.#.#
#.##.##.###.###
####..#.#
##T#.#.###..#
#..#.#
####.####....
...#.#
....⌠.......##
##..#.#


You could see the friendly Paullus the knight, a troll and a gargoyle (ally
target).

Vanquished Creatures
  A two-headed ogre (D:5)
  Grinder (D:4)
  A hornet (D:6)
  An orc warrior (D:7)
  2 centaurs
  An ogre (D:6)
  2 phantoms (D:5)
  A scorpion (D:5)
  2 jellies (D:6)
  3 hounds
  2 iguanas
  Crazy Yiuf (D:6)
  A sleepcap (D:7)
  An orc wizard (D:7)
  4 gnolls
  7 adders
  A shadow imp (D:5)
  A white imp (D:6)
  An ufetubus (D:4)
  2 worms
  4 dart slugs
  7 orcs
  6 bats
  8 endoplasms
  4 giant cockroaches
  10 goblins
  5 hobgoblins
  5 jackals
  5 kobolds
  3 quokkas
  5 ball pythons
  11 frilled lizards
  10 rats
119 creatures vanquished.

Vanquished Creatures (collateral kills)
  A phantom (D:7)
  A gnoll sergeant (D:6)
  An orc priest (D:7)
  An orc (D:6)
4 creatures vanquished.

Vanquished Creatures (others)
  An ancestor (D:6)
1 creature vanquished.

Grand Total: 124 creatures vanquished

Notes
Turn   | Place    | Note
-------+----------+-------------------------------------------
     0 | D:1      | Newt the Merfolk Gladiator began the quest for the Orb.
     0 | D:1      | Reached XP level 1. HP: 16/16 MP: 1/1
    69 | D:1      | Reached XP level 2. HP: 24/24 MP: 2/2
   252 | D:1      | Reached XP level 3. HP: 26/30 MP: 3/3
   636 | D:2      | Reached XP level 4. HP: 34/38 MP: 4/4
   958 | D:2      | Found a snail-covered altar of Cheibriados.
   979 | D:2      | Found Zuruiria's Antique Weapon Shoppe.
  1257 | D:2      | Reached skill level 5 in Fighting
  1468 | D:2      | Bought a runed spear for 156 gold pieces
  1823 | D:3      | Reached skill level 5 in Polearms
  1823 | D:3      | Reached XP level 5. HP: 44/44 MP: 5/5
  1829 | D:3      | Found a faded altar of an unknown god.
  1833 | D:3      | Found a sparkling altar of Nemelex Xobeh.
  2302 | D:3      | Noticed a centaur
  2317 | D:3      | Killed a centaur
  2318 | D:3      | Reached skill level 6 in Polearms
  2571 | D:4      | Found a glowing golden altar of the Shining One.
  2659 | D:4      | Found a staircase to the Ecumenical Temple.
  2666 | Temple   | Entered the Ecumenical Temple
  2682 | Temple   | Became a worshipper of Hepliaklqana the Forgotten
  2716 | D:4      | Noticed Grinder
  2721 | D:4      | Paralysed by Grinder for 2 turns
  2727 | D:4      | Killed Grinder
  2728 | D:4      | Reached skill level 8 in Polearms
  2728 | D:4      | Reached XP level 6. HP: 35/51 MP: 6/6
  2870 | D:4      | Found a shimmering altar of Xom.
  3034 | D:4      | Reached XP level 7. HP: 40/56 MP: 7/7
  3412 | D:5      | Entered Level 5 of the Dungeon
  3442 | D:5      | Reached skill level 9 in Polearms
  3461 | D:5      | Noticed a two-headed ogre
  3473 | D:5      | Killed a two-headed ogre
  3474 | D:5      | Reached skill level 10 in Polearms
  3474 | D:5      | Reached skill level 5 in Dodging
  3474 | D:5      | Reached XP level 8. HP: 8/62 MP: 1/8
  4072 | D:5      | Reached * piety under Hepliaklqana
  4614 | D:6      | Noticed a hornet
  4615 | D:6      | Found a sacrificial altar of Ru.
  4626 | D:6      | Killed a hornet
  4632 | D:6      | Reached skill level 1 in Shapeshifting
  4632 | D:6      | Reached XP level 9. HP: 48/61 MP: 9/9
  4936 | D:6      | Found a burning altar of Makhleb.
  5151 | D:6      | Reached ** piety under Hepliaklqana
  5152 | D:6      | Remembered your ancestor Paullus as a knight
  5393 | D:6      | Found a runed translucent door.
  5394 | D:6      | Noticed Crazy Yiuf
  5532 | D:6      | Killed Crazy Yiuf
  5704 | D:7      | Reached skill level 5 in Shapeshifting
  5753 | D:7      | Noticed a troll
  5753 | D:7      | Noticed a gargoyle
  5764 | D:7      | HP: 1/61 [gargoyle/+0 flail (9)]
  5765 | D:7      | Mangled by a gargoyle

Illustrated notes

Levels and vault maps discovered:
D:1:      lightli_molten_gateway, layout_basic, serial_bayou_pond_c,
          nicolae_grassy_gnolls
D:2:      minmay_general_purpose_star, layout_basic, basic_altar, serial_shops,
          shop, minmay_small_reverse_x
D:3:      cheibrodos_helix_gallery, layout_loops_corners,
          nicolae_overflow_ecumenical_swirl, serial_bayou_ford_a,
          kennysheep_generic_room_3
D:4:      layout_basic, kennysheep_mini_moat, lemuel_tele_altar,
          minmay_temple_entry_hall, grunt_ministairs_11, uniq_grinder
D:5:      layout_cave_pools, minmay_manual_maat
D:6:      layout_loops_corners, mainiacjoe_overflow_catwalk,
          makhleb_heckhound_becter, kennysheep_generic_room_10,
          uniq_crazy_yiuf_cottage
D:7:      layout_loops_ring, nicolae_wu_jian_immortal_techniques,
          overflow_temple_1_default, nicolae_elyvilon_temple_path, kb_rosetta
Temple:   dshaligram_water_room_temple

Skill      XL: |  1  2  3  4  5  6  7  8  9 |
---------------+----------------------------+-----
Fighting       | 3 4 5 |  5.0
Polearms       | 5 8 10 | 10.0
Shields        | 4 |  4.0
Dodging        | 5 9 |  9.0
Shapeshifting  | 1 5 |  5.7
Throwing       | |  2.0

Action                     |  1- 3 |  4- 6 |  7- 9 || total
---------------------------+-------+-------+-------++-------
  Melee: Trident           |    72 |    62 |       ||   134
         Spear             |       |    84 |   142 ||   226
  Throw: Throwing net      |       |       |     3 ||     3
 Invoke: Ancestor Life: Kn |       |       |     1 ||     1
    Use: Scroll            |     4 |     5 |     6 ||    15
         Potion            |       |       |     1 ||     1
   Stab: Sleeping          |     1 |     5 |       ||     6
         Distracted        |       |     1 |       ||     1
         Held in net/web   |       |       |     1 ||     1
 Armour: Leather armour    |    40 |    63 |    64 ||   167
  Dodge: Dodged            |    70 |    65 |    54 ||   189
  Block: Buckler           |       |    19 |    14 ||    33

Table legend: (Time is in decaauts)
 A = Elapsed time spent in this place.
 B = Non-inter-level travel time spent in this place.
 C = Inter-level travel time spent in this place.
 D = Time resting spent in this place.
 E = Time spent auto-exploring this place.
 F = Levels seen in this place.
 G = Mean time per level.
                   A        B        C        D        E       F      G
               +--------+--------+--------+--------+--------+-----+--------+
         Total |   5764 |   5487 |    277 |    479 |   4179 |   8 |  720.5 |
       Dungeon |   5731 |   5486 |    245 |    479 |   4179 |   7 |  818.7 |
        Temple |     32 |      1 |     31 |      0 |      0 |   1 |   32.0 |
               +--------+--------+--------+--------+--------+-----+--------+

Top non-repeatable levels by time:
     D:6: 1162 daAuts
     D:5: 1007 daAuts
     D:4: 961 daAuts
     D:2: 956 daAuts
     D:3: 935 daAuts
     D:1: 536 daAuts
     D:7: 171 daAuts
  Temple: 32 daAuts
